AoeStats
← Marbas

Oasis

508283500Analyzed
4v4 RM · 10d ago on Sep 21, 2026· 44m 55s· 8 players
Game mode
Random Map
Map size
Large (8 player)
Population
200
Speed
Normal
Resources
Standard
Victory
Conquest
Starting age
Dark Age
Ending age
Imperial Age
RankedLock teamsTeams togetherTeam positionsShared explorationLock speedFull tech treeHidden civsTurbo modeCheats
Victory
Defeat
🇷🇺 Bohemians · Russia
1773
+12
🇨🇳 Tupi · China
1754
+13
🇧🇦 Wu · Bosnia & Herzegovina
1549
+21
🇬🇧 Italians · United Kingdom
1432
+26
🇷🇺 Cumans · Russia
1784
-22
🇷🇺 Malians · Russia
1678
-18
1674
-18
🇯🇵 Vikings · Japan
1565
-14
trói em vào cột điện
6:28 Loom
9:30 Feudal Age
10:03 Double-Bit Axe
10:05 Horse Collar
17:54 Wheelbarrow
17:30 Fletching
25:22 Castle Age
29:37 Castle Age
35:33 Bow Saw
38:17 Heavy Plow
40:12 Hand Cart
40:15 Bloodlines
40:05 Husbandry
39:26 Light Cavalry
43:24 Imperial Age
41:31 Scale Barding Armor
41:58 Gold Mining
41:58 Stone Mining
43:06 Chain Barding Armor
44:44 Plate Barding Armor
44:20 Forging
Marbas
5:54 Loom
8:37 Feudal Age
9:10 Double-Bit Axe
15:01 Forging
15:09 Horse Collar
21:04 Castle Age
19:21 Gold Mining
19:58 Scale Barding Armor
20:41 Bloodlines
22:50 Gold Shaft Mining
22:26 Bow Saw
21:45 Light Cavalry
24:07 Chain Barding Armor
26:29 Husbandry
27:59 Iron Casting
29:23 Wheelbarrow
33:46 Devotion
34:36 Hand Cart
38:52 Heavy Plow
41:34 Imperial Age
39:20 Stone Mining
43:07 Plate Barding Armor
42:39 Cavalier
44:31 Farimba
44:34 Man-at-Arms
45:14 Squires
45:16 Scale Mail Armor
PLEBUSHEK
6:14 Loom
9:13 Feudal Age
10:00 Double-Bit Axe
17:40 Fletching
22:18 Castle Age
20:16 Horse Collar
21:00 Padded Archer Armor
22:53 Wheelbarrow
22:13 Gold Mining
23:11 Bow Saw
23:10 Thumb Ring
23:10 Bodkin Arrow
23:23 Crossbowman
26:54 Ballistics
30:02 Stone Mining
30:48 Gold Shaft Mining
33:22 Imperial Age
31:44 Heavy Plow
31:47 Town Watch
33:40 Scale Barding Armor
33:45 Forging
35:17 Two-Man Saw
34:47 Conscription
35:25 Bloodlines
34:35 Light Cavalry
36:16 Chain Barding Armor
37:41 Plate Barding Armor
37:59 Steppe Husbandry
39:16 Iron Casting
39:12 Hand Cart
38:46 Hussar
41:11 Parthian Tactics
41:08 Elite Steppe Lancer
JIJINz
10:28 Feudal Age
15:48 Castle Age
13:34 Loom
14:37 Double-Bit Axe
15:02 Horse Collar
17:29 Bow Saw
23:45 Gold Mining
25:24 Stone Mining
26:09 Gold Shaft Mining
25:37 Heavy Plow
30:58 Imperial Age
30:16 Fletching
30:35 Padded Archer Armor
30:13 Crossbowman
31:02 Arbalester
32:08 Bodkin Arrow
32:46 Ballistics
33:41 Bracer
34:59 Chemistry
38:25 Two-Man Saw
37:56 Crop Rotation
38:03 Elite Skirmisher
38:52 Capped Ram
39:41 Bogsveigar
40:02 Conscription
40:00 Capped Ram
40:51 Treadmill Crane
41:21 Masonry
42:03 Imperial Skirmisher
42:45 Padded Archer Armor
43:53 Leather Archer Armor
43:18 Siege Ram
Mothy
4:37 Loom
10:31 Feudal Age
12:35 Fletching
21:29 Castle Age
19:24 Double-Bit Axe
19:20 Horse Collar
19:57 Padded Archer Armor
20:48 Gold Mining
22:07 Wheelbarrow
21:38 Crossbowman
23:09 Bodkin Arrow
24:48 Bow Saw
25:50 Leather Archer Armor
28:29 Thumb Ring
29:48 Ballistics
30:20 Stone Mining
30:55 Town Watch
31:43 Treadmill Crane
33:56 Heavy Plow
37:28 Imperial Age
39:10 Chemistry
37:33 Arbalester
39:11 Hoardings
38:56 Conscription
38:56 Hand Cart
38:43 Bracer
39:25 Conscription
43:10 Masonry
44:33 Caravan
45:52 Crop Rotation
TheZero
6:15 Loom
8:38 Feudal Age
9:29 Double-Bit Axe
14:05 Fletching
21:07 Castle Age
19:12 Horse Collar
20:00 Padded Archer Armor
21:16 Crossbowman
22:07 Bodkin Arrow
22:24 Gold Mining
22:46 Bow Saw
33:01 Wheelbarrow
32:52 Ballistics
35:12 Imperial Age
34:19 Hand Cart
34:00 Stone Mining
34:16 Heavy Plow
34:56 Gold Shaft Mining
35:23 Arbalester
36:03 Bracer
37:05 Chemistry
36:29 Conscription
37:47 Two-Man Saw
38:59 Leather Archer Armor
39:38 Curare
41:05 Town Watch
42:15 Ring Archer Armor
43:35 Scale Mail Armor
43:45 Forging
45:23 Chain Mail Armor
45:43 Iron Casting
Fresh To Death
9:00 Loom
10:46 Feudal Age
12:01 Double-Bit Axe
14:59 Castle Age
16:01 Horse Collar
21:07 Bow Saw
24:13 Heavy Plow
25:38 Wheelbarrow
26:53 Fervor
28:01 Hand Cart
32:55 Imperial Age
32:36 Chemistry
32:38 Treadmill Crane
33:09 Fortified Wall
33:11 Houfnice
35:38 Conscription
36:29 Siege Engineers
36:24 Town Watch
37:20 Wagenburg Tactics
38:07 Pikeman
38:48 Scale Mail Armor
38:45 Halberdier
39:25 Squires
39:11 Arson
39:38 Forging
39:44 Chain Mail Armor
40:18 Ballistics
41:10 Plate Mail Armor
41:16 Iron Casting
42:12 Bombard Tower
42:03 Masonry
41:44 Fletching
45:42 Blast Furnace
44:37 Bodkin Arrow
Igo
7:19 Loom
10:04 Feudal Age
10:32 Double-Bit Axe
10:48 Horse Collar
11:58 Town Watch
16:18 Fletching
21:40 Castle Age
19:52 Gold Mining
20:39 Padded Archer Armor
21:41 Crossbowman
22:27 Bodkin Arrow
23:33 Ballistics
23:52 Bow Saw
25:59 Leather Archer Armor
28:36 Heavy Plow
31:21 Wheelbarrow
34:38 Gold Shaft Mining
36:54 Imperial Age
34:58 Scale Mail Armor
36:04 Gold Shaft Mining
36:06 Chain Mail Armor
36:28 Squires
36:13 Arson
36:54 Forging
37:19 Hand Cart
38:09 Plate Mail Armor
38:20 Town Watch
39:27 Iron Casting
40:09 Conscription
41:16 Blast Furnace
39:41 Pikeman
40:56 Sitting Tiger
41:17 Halberdier
Connection lost

Rejoining the realm…

Still unreachable

The connection could not be restored.

Session expired

The server has moved on; the page needs a fresh start.